 Dungeon Crawl Stone Soup version 0.25.1-4-g9407a263a5 (webtiles) character file.

Game seed: 10626364165507516292

29 Allula97 the Skirmisher (level 3, -9/29 HPs)
             Began as a Demonspawn Fighter on Nov 29, 2020.
             Mangled by an ogre
             ... wielding a +0 giant club
              (22 damage)
             ... on level 2 of the Dungeon.
             The game lasted 00:02:10 (1247 turns).

Allula97 the Skirmisher (Demonspawn Fighter)        Turns: 1247, Time: 00:02:10

Health: -9/29      AC:  6    Str: 23    XL:     3   Next: 1%
Magic:  3/3        EV:  7    Int:  9    God:
Gold:   59         SH:  9    Dex: 12    Spells: 2/2 levels left

rFire    . . .     SeeInvis .   a - +0 war axe
rCold    . . .     Gourm    .   c - +0 kite shield
rNeg     . . .     Faith    .   b - +0 scale mail
rPois    .         Spirit   .   (no helmet)
rElec    .         Reflect  .   (no cloak)
rCorr    .         Harm     .   (no gloves)
MR       .....                  (no boots)
Stlth    ..........             (no amulet)
HPRegen  0.09/turn              q - +6 ring of strength
MPRegen  0.08/turn              (no ring)

@: no status effects
A: hooves 1
a: no special abilities


You were on level 2 of the Dungeon.
You were not hungry.

You visited 1 branch of the dungeon, and saw 2 of its levels.

You collected 59 gold pieces.

Inventory:

Hand Weapons
 a - a +0 war axe (weapon)
 g - a +1 dagger of protection
 m - a +0 dagger of electrocution
Missiles
 e - 47 poisoned darts (quivered)
 o - 5 javelins
Armour
 b - a +0 scale mail (worn)
 c - a +0 kite shield (worn)
Jewellery
 q - a +6 ring of strength (left hand)
Scrolls
 h - a scroll of noise {unknown}
 j - a scroll of fear {unknown}
 k - a scroll of identify {unknown}
 r - a scroll of fog {unknown}
Potions
 d - a potion of might
 i - 2 potions of brilliance {unknown}
 l - a potion of stabbing {unknown}
 n - a potion of cancellation {unknown}
Comestibles
 f - 3 rations
 p - 6 chunks of flesh


   Skills:
 * Level 3.2 Fighting
 * Level 2.1 Axes
 * Level 3.0 Armour
 * Level 0.2 Dodging
 * Level 0.8 Stealth
 * Level 2.8 Shields


You had 2 spell levels left.
You didn't know any spells.
Your spell library was empty.

Dungeon Overview and Level Annotations

Branches:
Dungeon (2/15)

Altars:


Innate Abilities, Weirdness & Mutations

You have large cloven feet.


Message History

You throw a poisoned dart. The poisoned dart hits the ogre.
A goblin comes into view. It is wielding a +0 club.
The goblin moves out of view.
Throwing (i - inventory. (/) - cycle)
e - 48 poisoned darts (quivered)
Press: ? - help, Shift-Dir - straight line, f/p - ogre
Aim: an ogre, wielding a +0 giant club You throw a poisoned dart.
The poisoned dart hits the ogre.
You hit the ogre. You kick the ogre.
The ogre is moderately wounded.
You block the ogre's attack. x2
You slash the ogre! You kick the ogre, but do no damage.
The ogre is heavily wounded.
The ogre hits you with a +0 giant club!
Ouch! That really hurt!
You hit the ogre. You kick the ogre.
The ogre is almost dead.
You miss the frilled lizard. The frilled lizard bites you.
The ogre hits you with a +0 giant club!!
Ouch! That really hurt!
You die...

..#.. #..... ......
...... .... #.....
#...##...### .#
#...#....... . ..#
..#####(##....## ...#
..#
.......(.......##...#
..####
......lO.......##...#
......
.#####@##..........#
.......
#.##.....##...# #
.......
..##.#..###...##.#
.....#
#####.#...........#
.....# .
#...............+
.....#...#.#
#.#.#..###.####.#
............
................#
...........
..................
...........
..#.#.#..####.#####


You could see an ogre and a frilled lizard.

Vanquished Creatures
  A leopard gecko (D:1)
  A giant cockroach (D:1)
  4 goblins
  5 hobgoblins
  3 jackals (D:2)
  2 kobolds (D:1)
  A quokka (D:2)
  A ball python (D:1)
  5 bats (D:1)
  2 rats (D:1)
25 creatures vanquished.

Notes
Turn   | Place    | Note
-------+----------+-------------------------------------------
     0 | D:1      | Allula97 the Demonspawn Fighter began the quest for the
                  | Orb.
     0 | D:1      | Reached XP level 1. HP: 18/18 MP: 1/1
   361 | D:1      | Gained mutation: You have large cloven feet. [demonic
                  | ancestry]
   361 | D:1      | Reached XP level 2. HP: 20/24 MP: 2/2
  1102 | D:2      | Reached XP level 3. HP: 22/29 MP: 3/3
  1242 | D:2      | Noticed an ogre
  1247 | D:2      | Mangled by an ogre

Illustrated notes

Levels and vault maps discovered:
D:1:      ebering_trefoil_3fold, layout_basic
D:2:      layout_basic, nicolae_tso_swordbearing_angel, dk_vineyard_2

Skill      XL: |  1  2 |
---------------+-------+-----
Axes           | 2 |  2.1
Armour         | 3 |  3.0
Fighting       | |  3.2
Dodging        | |  0.2
Stealth        | |  0.8
Shields        | |  2.8

Action                   || total
-------------------------++-------
Melee: War axe           ||    69
       Kick              ||    11
Throw: Dart              ||     2
  Eat: Chunk             ||     1
Armor: Scale mail        ||    35
Dodge: Dodged            ||    13
Block: Kite shield       ||    35
